 Dungeon Crawl Stone Soup version 0.18-a0-1702-gd20c6a5 (webtiles) character file.

12860 Ijustatesigmund the Covert (level 12, -21/79 HPs)
             Began as an Octopode Assassin on Apr 7, 2016.
             Was a Believer of Dithmenos.
             Demolished by an orc knight
             ... wielding a +0 bardiche
              (32 damage)
             ... on level 1 of the Orcish Mines.
             The game lasted 00:47:34 (13409 turns).

Ijustatesigmund the Covert (Octopode Assassin)     Turns: 13409, Time: 00:47:35

Health: -21/79     AC:  1    Str: 11    XL:     12   Next: 0%
Magic:  18/18      EV: 18    Int: 13    God:    Dithmenos [**....]
Gold:   918        SH:  7    Dex: 18    Spells: 1 memorised, 9 levels left

rFire  . . .     SeeInvis .     G - +4 rapier (drain)
rCold  . . .     Gourm    +     m - +2 buckler
rNeg   . . .     Faith    .     (helmet restricted)
rPois  .         Spirit   .     t - amulet of the gourmand
rElec  .         Dismiss  .     e - ring of protection from magic
rCorr  .         Reflect  .     y - +3 ring of evasion
SustAt .         Harm     .     N - ring of wizardry
MR     +....                    (no ring)
Stlth  +++++++++.               R - ring of flight
                                (no ring)
                                (no ring)
                                (no ring)

@: wreathed by umbra, drained, somewhat resistant to hostile enchantments,
incredibly stealthy
A: almost no armour, amphibious, 8 rings, constrict 8, camouflage 1, gelatinous
body 1
a: Shadow Step, Renounce Religion, Evoke Flight


You were on level 1 of the Orcish Mines.
You worshipped Dithmenos.
Dithmenos was pleased with you.
You were not hungry.

You visited 3 branches of the dungeon, and saw 13 of its levels.
You also visited: Labyrinth.

You collected 1113 gold pieces.
You spent 195 gold pieces at shops.

Inventory:

Hand Weapons
 b - a +2 blowgun
 B - a +2 dagger of venom
 G - a +4 rapier of draining (weapon)
Missiles
 c - 8 poisoned needles
 j - a tomahawk of dispersal
 u - a throwing net
 z - 9 tomahawks
 D - 5 tomahawks of returning (quivered)
 L - a curare-tipped needle
Armour
 m - a +2 buckler (worn)
Jewellery
 e - a ring of protection from magic (left tentacle)
 t - an amulet of the gourmand (around mantle)
 y - a +3 ring of evasion (right tentacle)
 M - an uncursed ring of fire
 N - a ring of wizardry (on tentacle)
 R - a ring of flight (on tentacle)
Wands
 h - a wand of paralysis (4/24)
 n - a wand of disintegration (9/24)
 C - a wand of iceblast (5/15)
 E - a wand of lightning (8/15)
 F - a wand of lightning (7/15)
 H - a wand of confusion (38/48)
 I - a wand of paralysis (4/24)
 J - a wand of lightning (3/15)
 P - a wand of slowing (32/48)
Scrolls
 o - 4 scrolls of identify
 p - 4 scrolls of magic mapping
 r - 3 scrolls of remove curse
 w - 2 scrolls of amnesia
 x - a scroll of recharging
Potions
 d - 3 potions of ambrosia
 i - a potion of lignification
 k - 2 potions of brilliance
 l - a potion of resistance
 q - 4 potions of curing
 s - a potion of magic
 v - 5 potions of flight
Books
 a - the Catalogue of Ashen Dark Arts
   (You found it in a labyrinth)

   Spells                             Type                      Level
   a - Pain                           Necromancy                   1
   b - Leda's Liquefaction            Hexes/Earth                  4
   c - Animate Dead                   Necromancy                   4
   d - Simulacrum                     Ice/Necromancy               6
 A - a book of Geomancy

   Spells                             Type                      Level
   a - Sandblast                      Earth                        1
   b - Passwall                       Transmutation/Earth          2
   c - Stone Arrow                    Conjuration/Earth            3
   d - Petrify                        Transmutation/Earth          4
   e - Lee's Rapid Deconstruction     Earth                        5
 K - a book of Battle

   Spells                             Type                      Level
   a - Infusion                       Charms                       1
   b - Shroud of Golubria             Charms/Translocation         2
   c - Song of Slaying                Charms                       2
   d - Spectral Weapon                Hexes/Charms                 3
   e - Regeneration                   Charms/Necromancy            3
 Q - a Young Poisoner's Handbook

   Spells                             Type                      Level
   a - Sting                          Conjuration/Poison           1
   b - Cure Poison                    Poison                       2
   c - Mephitic Cloud                 Conjuration/Poison/Air       3
   d - Olgreb's Toxic Radiance        Poison                       4
   e - Venom Bolt                     Conjuration/Poison           5
Comestibles
 f - 5 bread rations
 g - 10 meat rations


   Skills:
 - Level 6.0(5.3) Fighting
 - Level 8.0(7.2) Short Blades
 + Level 8.2(7.5) Throwing
 - Level 5.1(4.5) Dodging
 - Level 13.0(12.2) Stealth
 - Level 4.1(3.4) Shields
 - Level 2.0(1.3) Transmutations
 - Level 2.0(1.4) Earth Magic
 + Level 8.4(7.7) Invocations
 + Level 3.5(2.9) Evocations


You had 9 spell levels left.
You knew the following spells:

 Your Spells              Type           Power        Failure   Level  Hunger
a - Passwall              Trmt/Erth      #.........   14%         2    ###....


Dungeon Overview and Level Annotations

Branches:
Dungeon (10/15)            Temple (1/1) D:5            Lair (0/8) D:10
    Orc (2/2) D:9
    Elf: Orc:2

Altars:
Ashenzari
Cheibriados
Dithmenos
Elyvilon
Fedhas
Gozag
Kikubaaqudgha
Makhleb
Nemelex Xobeh
Okawaru
Pakellas
Qazlal
Ru
Sif Muna
Trog
Vehumet
Xom
Yredelemnul
Zin
The Shining One

Shops:
D:5 (%!!   D:9 :

Annotations:
D:10 Harold
Orc:2 Maud


Innate Abilities, Weirdness & Mutations

You cannot wear most types of armour.
You are amphibious.
You can wear up to eight rings at the same time.
You can use your tentacles to constrict eight enemies at once.
Your skin changes colour to match your surroundings (Stealth).
Your rubbery body absorbs attacks (AC +1).


Message History

Zapping:
h - a wand of paralysis (7/24)
Press: ? - help, Shift-Dir - straight line, f - orc knight
Aim: an orc knight, wielding a bardiche and wearing a chain mail (moderately wounded, constricted by you, lightly drained, umbra, chance to defeat MR: 34%)
The orc knight easily resists.
This wand has 6 charges left.
You constrict the orc knight, but do no damage.
The orc knight misses you.
Evoke which item? (* to show all) (? for menu, Esc to quit)
Zapping:
h - a wand of paralysis (6/24)
Press: ? - help, Shift-Dir - straight line, f/p - orc knight
Aim: an orc knight, wielding a bardiche and wearing a chain mail (moderately wounded, constricted by you, lightly drained, umbra, chance to defeat MR: 34%)
The orc knight easily resists.
This wand has 5 charges left.
You constrict the orc knight.
Evoke which item? (* to show all) (? for menu, Esc to quit)
Zapping:
h - a wand of paralysis (5/24)
Press: ? - help, Shift-Dir - straight line, f/p - orc knight
Aim: an orc knight, wielding a bardiche and wearing a chain mail (moderately wounded, constricted by you, lightly drained, umbra, chance to defeat MR: 34%)
The orc knight easily resists.
This wand has 4 charges left.
You constrict the orc knight.
The orc knight hits you with a bardiche!!
You die...

..##....# #.#...# ##
.... #......###.....###.
#...##.......##.........
#.#.#.......#...#......
#.....##......####....
#....####....####....
#....###.....#.#....
#..o.#...........#..
#..@....#.......##..
###.....##.......###
#....####.........
......#.^##.#...##.....
#.....##.#......###....
##.... ####)..#####...#
#..... #.#...###....#
.....# ###.....#.....
..... #........#..


You could see an orc knight.

Vanquished Creatures
  A minotaur (Lab)
  An ogre mage (Orc:1)
  Pikel (D:4)
  2 hill giants (Orc:1)
  A merfolk (D:9)
  3 trolls
  A two-headed ogre (Orc:1)
  Grinder (D:5)
  2 minotaur skeletons (Lab)
  3 redbacks (Lab)
  4 yaks (D:10)
  3 wyverns
  Eustachio (D:6)
  4 basilisks
  4 hungry ghosts (Lab)
  A water moccasin (D:8)
  Duvessa (D:6)
  2 porcupines (D:10)
  A black bear (D:9)
  A sky beast (D:6)
  11 orc warriors
  9 ogres
  A phantom (D:9)
  2 necrophages
  A wolf (Orc:1)
  5 worker ants
  4 centaurs
  A crocodile (D:10)
  3 big kobolds
  8 giant frogs
  A gnoll sergeant (D:9)
  Dowan (D:6)
  3 scorpions
  An electric eel (Orc:1)
  3 wights (D:10)
  4 howler monkeys
  3 jellies
  3 crimson imps
  5 hounds
  4 orc priests
  A giant frog skeleton (D:6)
  2 centaur skeletons
  4 iguanas
  7 orc wizards
  A howler monkey zombie (D:5)
  A worker ant zombie (D:8)
  13 adders
  5 gnolls (D:9)
  2 river rats (D:10)
  2 oozes
  3 adder skeletons
  4 worms
  3 dart slugs
  8 giant geckos
  35 orcs
  6 ball pythons
  7 giant cockroaches
  5 goblins
  16 hobgoblins
  12 jackals
  4 quokkas
  15 bats
  A giant gecko skeleton (D:8)
  4 giant newts
  9 kobolds
  6 rats
287 creatures vanquished.

Vanquished Creatures (others)
  A slave (D:4)
  Blork the orc (D:4)
  An orc wizard (D:4)
  3 orcs (D:4)
  A bat (D:3)
  5 plants
12 creatures vanquished.

Grand Total: 299 creatures vanquished

Notes
Turn   | Place    | Note
--------------------------------------------------------------
     0 | D:1      | Ijustatesigmund the Octopode Assassin began the quest for the Orb.
     0 | D:1      | Reached XP level 1. HP: 14/14 MP: 1/1
    45 | D:1      | Reached XP level 2. HP: 14/19 MP: 2/2
   426 | D:1      | Reached XP level 3. HP: 22/25 MP: 3/3
   778 | D:1      | You fall through a shaft!
   864 | D:2      | Reached skill level 6 in Stealth
   887 | D:1      | Reached XP level 4. HP: 25/30 MP: 4/4
  1207 | D:2      | Found a glowing silver altar of Zin.
  1828 | D:2      | Reached XP level 5. HP: 26/36 MP: 5/5
  2011 | D:2      | Found a bloodstained altar of Trog.
  2014 | D:2      | Found a blossoming altar of Fedhas.
  2017 | D:2      | Found a radiant altar of Vehumet.
  2070 | D:2      | Reached skill level 1 in Shields
  2544 | D:3      | HP: 1/36 [ooze (4)]
  2549 | D:3      | HP: 1/36 [bat (1)]
  3320 | D:3      | Reached XP level 6. HP: 42/42 MP: 6/6
  3426 | D:3      | Found a stormy altar of Qazlal.
  3535 | D:4      | Noticed a slave
  3536 | D:4      | Noticed Pikel
  3541 | D:4      | Noticed a slave
  3541 | D:4      | Noticed a slave
  3541 | D:4      | Noticed a slave
  3551 | D:4      | Killed Pikel
  3551 | D:4      | Reached skill level 8 in Stealth
  3551 | D:4      | Reached XP level 7. HP: 6/46 MP: 7/7
  3645 | D:4      | Killed Blork the orc
  3884 | D:4      | Reached skill level 5 in Short Blades
  3904 | D:4      | Reached XP level 8. HP: 34/52 MP: 8/8
  4655 | D:5      | Entered Level 5 of the Dungeon
  4737 | D:5      | Found Ubristeump's Distillery.
  4768 | D:5      | Reached skill level 9 in Stealth
  4945 | D:5      | Bought a potion of heal wounds for 65 gold pieces
  4945 | D:5      | Bought a potion of berserk rage for 65 gold pieces
  4945 | D:5      | Bought a potion of heal wounds for 65 gold pieces
  5158 | D:5      | Found Ciosoyva's Distillery.
  5237 | D:5      | Noticed Grinder
  5244 | D:5      | Killed Grinder
  5289 | D:5      | Found a sparkling altar of Nemelex Xobeh.
  5292 | D:5      | Found Tysenepp's Food Shoppe.
  5395 | D:5      | Reached skill level 10 in Stealth
  5420 | D:5      | Found a staircase to the Ecumenical Temple.
  5435 | Temple   | Entered the Ecumenical Temple
  5443 | Temple   | Became a worshipper of Dithmenos the Shadowed
  5689 | D:5      | Found Eklev's Antique Weapon Boutique.
  5815 | D:6      | Reached skill level 1 in Invocations
  6206 | D:6      | Reached XP level 9. HP: 55/55 MP: 10/10
  6612 | D:6      | Noticed Duvessa
  6612 | D:6      | Noticed Dowan
  6621 | D:6      | Killed Dowan
  6644 | D:6      | Killed Duvessa
  6644 | D:6      | Reached skill level 11 in Stealth
  7171 | D:6      | Reached * piety under Dithmenos
  7208 | D:6      | Noticed Eustachio
  7215 | D:6      | Killed Eustachio
  7793 | D:7      | Reached skill level 5 in Dodging
  7891 | D:7      | Reached skill level 5 in Invocations
  8249 | D:8      | Reached skill level 12 in Stealth
  8365 | D:8      | Reached XP level 10. HP: 62/62 MP: 14/14
  9525 | D:9      | Found a white marble altar of Elyvilon.
  9533 | D:9      | Reached ** piety under Dithmenos
  9772 | D:9      | Found a shimmering altar of Xom.
  9773 | D:9      | Found a basalt altar of Yredelemnul.
  9880 | D:9      | Learned a level 2 spell: Passwall
  9940 | D:9      | Found Fakyph's Book Boutique.
 10073 | D:9      | Found a glowing golden altar of the Shining One.
 10127 | D:9      | Found a staircase to the Orcish Mines.
 10140 | D:9      | Reached skill level 1 in Earth Magic
 10150 | D:10     | Entered Level 10 of the Dungeon
 10159 | D:10     | Reached skill level 5 in Fighting
 10377 | D:10     | Reached skill level 1 in Transmutations
 10566 | D:10     | Noticed Harold
 10892 | D:10     | Reached skill level 13 in Stealth
 11015 | D:10     | Found a staircase to the Lair.
 11068 | D:10     | Reached XP level 11. HP: 20/72 MP: 16/16
 11849 | D:9      | Reached *** piety under Dithmenos
 12098 | Orc:1    | Entered Level 1 of the Orcish Mines
 12112 | Orc:1    | Noticed a hill giant
 12119 | Orc:1    | Killed a hill giant
 12119 | Orc:1    | Reached skill level 5 in Throwing
 12275 | Orc:1    | Noticed a hill giant
 12284 | Orc:1    | Killed a hill giant
 12286 | Orc:1    | Noticed a cyclops
 12290 | Orc:1    | Noticed a hill giant
 12290 | Orc:1    | Noticed a hill giant
 12290 | Orc:1    | Noticed a hill giant
 12290 | Orc:1    | Noticed a hill giant
 12290 | Orc:1    | Noticed a hill giant
 12534 | Orc:1    | Noticed an ogre mage
 12537 | Orc:1    | Killed an ogre mage
 12737 | Orc:2    | Entered Level 2 of the Orcish Mines
 12737 | Orc:2    | Noticed an orc knight
 12747 | Orc:2    | Found a labyrinth entrance.
 12756 | Lab      | Entered a labyrinth
 13054 | Lab      | Reached skill level 1 in Evocations
 13241 | Lab      | Noticed a minotaur
 13247 | Lab      | Killed a minotaur
 13363 | Lab      | Identified the Catalogue of Ashen Dark Arts
 13385 | Orc:2    | Reached XP level 12. HP: 79/79 MP: 18/18
 13387 | Orc:2    | Noticed Maud
 13409 | Orc:1    | Demolished by an orc knight

Vault maps used:
D:1:      evilmike_arrival_plus, minivault_5, dk_noncrumbling_3
D:2:      wad_river_or_something, lemuel_doored_altar,
          grunt_temple_overflow_diamond, first_bread
D:3:      lemuel_upstairs_altar, nicolae_qazlal_eye_of_the_storm
D:4:      uniq_blork_the_orc, uniq_pikel
D:5:      lemuel_crystal_altar, temple_hall, serial_shops, kennysheep_mini,
          shop, shop, shop_fountains, nrook_mini_vaults, uniq_grinder
D:6:      kennysheep_spiral_hall, uniq_eustachio, uniq_duvessa
D:8:      boulder_corridor_run
D:9:      gammafunk_temple_overflow_statue, lemuel_crystal_altar,
          kennysheep_orc_monster_closet_entryway, serial_shops, shop_fountains,
          roderic_batcave, hangedman_fish_farm, nicolae_tso_swordbearing_angel
D:10:     minmay_lair_entry_grove, grunt_ministairs_12, uniq_harold, uniq_grum
Temple:   triangle_lava_temple_12
Orc:1:    giant_chief_lemuel, bh_open_orc_temple
Orc:2:    st_orc_ogre_mass, basic_altar, lab_entry_generic, uniq_maud
Lab:      labyrinth_watery, nicolae_lab_big_swirl, nicolae_lab_very_dead_end,
          nicolae_lab_arrow, nicolae_lab_swirl, nicolae_lab_garden, lab_statue,
          labyrinth_skeletal_remains, nicolae_lab_t_cross, nicolae_lab_do_over,
          nicolae_lab_grate, labyrinth_lava_lair, nicolae_lab_plus,
          nicolae_lab_dead_end, nicolae_lab_flowing_pool, nicolae_lab_lava,
          lab_hedge, nicolae_lab_blocks, nicolae_lab_x

Skill      XL: |  1  2  3  4  5  6  7  8  9 10 11 |
---------------+----------------------------------+-----
Stealth        | 6 8 10 12 13 | 13.0
Dodging        | 2 3 5 |  5.1
Shields        | 1 3 4 |  4.1
Short Blades   | 3 4 5 6 7 8 |  8.0
Fighting       | 3 5 6 |  6.0
Throwing       | 3 8 |  8.2
Invocations    | 2 5 7 8 |  8.4
Earth Magic    | 2 |  2.0
Transmutations | 2 |  2.0
Evocations     | 3 |  3.5

Action                   |  1- 3 |  4- 6 |  7- 9 | 10-12 || total
-------------------------+-------+-------+-------+-------++-------
Melee: Dagger            |    65 |   139 |   248 |   232 ||   684
       Rapier            |       |       |       |   121 ||   121
 Fire: Blowgun           |       |    11 |     3 |     4 ||    18
Throw: Tomahawk          |       |       |       |    40 ||    40
 Cast: Passwall          |       |       |       |     1 ||     1
Invok: Shadow Step       |       |       |       |     4 ||     4
Evoke: Wand              |       |       |     3 |    16 ||    19
  Use: Scroll            |     7 |     8 |    13 |     9 ||    37
       Potion            |       |     3 |     3 |     6 ||    12
 Stab: Sleeping          |    12 |    11 |    26 |    37 ||    86
       Distracted        |       |     2 |     2 |       ||     4
       Paralysed         |       |       |       |     5 ||     5
  Eat: Chunk             |       |     7 |     7 |     2 ||    16
       Beef jerky        |       |     2 |     1 |       ||     3
       Fruit             |       |       |     3 |       ||     3
       Meat ration       |       |       |     1 |     1 ||     2
       Bread ration      |       |       |       |     3 ||     3
